TOP OF THE 1ST |
El Dorado Oilers batting - Pitching for New Orleans Looters : LHP Holden Clark
|
Pitching: LHP Holden Clark
|
|
Batting: RHB José Carlos Caraballo
|
0-0: Ball 1-0: Ground out 3-1 (Groundball, 34)
|
Batting: RHB José Montoya
|
0-0: Ground out 6-3 (Groundball, 6S)
|
Batting: RHB Sixto Vélez
|
0-0: Ball 1-0: Ball 2-0: SINGLE (Flyball, 9LS)
|
Batting: LHB José Hernández
|
0-0: Ball 1-0: Called Strike 1-1: Foul Ball, location: 2F 1-2: Ball 2-2: Strikes out swinging
|
Top of the 1st over - 0 runs, 1 hit, 0 errors, 1 left on base; El Dorado 0 - New Orleans 0 |
BOTTOM OF THE 1ST |
New Orleans Looters batting - Pitching for El Dorado Oilers : LHP Orlando Costa
|
Pitching: LHP Orlando Costa
|
|
Batting: LHB Miguel Colón
|
0-0: Called Strike 0-1: Ground out 5-3 (Groundball, 56)
|
Batting: RHB Dan Banks
|
0-0: Called Strike 0-1: Fly out, F8 (Flyball, 8RD)
|
Batting: SHB Arturo Sánchez
|
0-0: Ball 1-0: SINGLE (Line Drive, 8RS)
|
Batting: SHB Oliver Deleón
|
0-0: Fly out, F8 (Flyball, 8LM)
|
Bottom of the 1st over - 0 runs, 1 hit, 0 errors, 1 left on base; El Dorado 0 - New Orleans 0 |
TOP OF THE 2ND |
El Dorado Oilers batting - Pitching for New Orleans Looters : LHP Holden Clark
|
Batting: RHB Bob Johnson
|
0-0: Called Strike 0-1: Ball 1-1: SINGLE (Line Drive, 7LM)
|
Batting: SHB Theron Harper
|
0-0: Ball 1-0: Fly out, F9 (Flyball, 89M)
|
Batting: LHB Chris Miller
|
0-0: Swinging Strike 0-1: Ball 1-1: DOUBLE (Line Drive, 8LXD) Bob Johnson to third
|
Batting: RHB Vicente Carona
|
0-0: Ball 1-0: Ground out 3-1 (Groundball, 34) Bob Johnson scores Chris Miller to third
|
Batting: SHB Orlando Aguilar
|
0-0: Called Strike 0-1: Called Strike 0-2: Ball 1-2: Foul Ball, location: 2F 1-2: Ball 2-2: SINGLE (Groundball, 56D) Chris Miller scores
|
Batting: RHB José Carlos Caraballo
|
0-0: Called Strike 0-1: Foul Ball, location: 2F 0-2: Ball 1-2: Ball 2-2: Ball 3-2: Strikes out looking
|
Top of the 2nd over - 2 runs, 3 hits, 0 errors, 1 left on base; El Dorado 2 - New Orleans 0 |
BOTTOM OF THE 2ND |
New Orleans Looters batting - Pitching for El Dorado Oilers : LHP Orlando Costa
|
Batting: RHB Greg Handrahan
|
0-0: Called Strike 0-1: Called Strike 0-2: Strikes out looking
|
Batting: RHB Ramón Hernández
|
0-0: Called Strike 0-1: Ball 1-1: SINGLE (Line Drive, 56)
|
Batting: RHB Tim Gardner
|
0-0: Swinging Strike 0-1: Ball 1-1: Swinging Strike 1-2: Strikes out swinging
|
Batting: RHB Run-ming Zhu
|
0-0: Foul Ball, location: 2F 0-1: Called Strike 0-2: Ball 1-2: Ball 2-2: Ball 3-2: SINGLE (Line Drive, 5D) Ramón Hernández to second Ramón Hernández to third
|
Batting: LHB Eduardo Rodríguez
|
0-0: Ball 1-0: Ball 2-0: Called Strike 2-1: SINGLE (Groundball, 4D) Ramón Hernández scores Run-ming Zhu to second Runner from 2nd tries for 3rd, SAFE, no throw
|
Batting: LHB Miguel Colón
|
0-0: Swinging Strike 0-1: Foul Ball, location: 2F 0-2: Ball 1-2: Ball 2-2: Ball 3-2: Strikes out looking
|
Bottom of the 2nd over - 1 run, 3 hits, 0 errors, 2 left on base; El Dorado 2 - New Orleans 1 |
TOP OF THE 3RD |
El Dorado Oilers batting - Pitching for New Orleans Looters : LHP Holden Clark
|
Batting: RHB José Montoya
|
0-0: Foul Ball, location: 2F 0-1: Ball 1-1: Ball 2-1: Fly out, F8 (Flyball, 8RD)
|
Batting: RHB Sixto Vélez
|
0-0: Ball 1-0: Ball 2-0: Ball 3-0: Called Strike 3-1: Called Strike 3-2: Fly out, F7 (Flyball, 7LD)
|
Batting: LHB José Hernández
|
0-0: Ball 1-0: Swinging Strike 1-1: Ball 2-1: Swinging Strike 2-2: Foul Ball, location: 2F 2-2: Strikes out swinging
|
Top of the 3rd over - 0 runs, 0 hits, 0 errors, 0 left on base; El Dorado 2 - New Orleans 1 |
BOTTOM OF THE 3RD |
New Orleans Looters batting - Pitching for El Dorado Oilers : LHP Orlando Costa
|
Batting: RHB Dan Banks
|
0-0: Called Strike 0-1: Ball 1-1: Called Strike 1-2: Ball 2-2: Ball 3-2: Strikes out swinging
|
Batting: SHB Arturo Sánchez
|
0-0: Ball 1-0: Ground out 5-3 (Groundball, 56S)
|
Batting: SHB Oliver Deleón
|
0-0: Ball 1-0: Ball 2-0: Ball 3-0: Called Strike 3-1: SINGLE (Line Drive, 34D)
|
Batting: RHB Greg Handrahan
|
0-0: Foul Ball, location: 2F 0-1: Ball 1-1: Foul Ball, location: 2F 1-2: Ball 2-2: Foul Ball, location: 2F 2-2: Strikes out swinging
|
Bottom of the 3rd over - 0 runs, 1 hit, 0 errors, 1 left on base; El Dorado 2 - New Orleans 1 |
TOP OF THE 4TH |
El Dorado Oilers batting - Pitching for New Orleans Looters : LHP Holden Clark
|
Batting: RHB Bob Johnson
|
0-0: Ball 1-0: Ground out 2-3 (Groundball, 15S)
|
Batting: SHB Theron Harper
|
0-0: Called Strike 0-1: Bunted foul 0-2: Fly out, F8 (Flyball, 8RD)
|
Batting: LHB Chris Miller
|
0-0: Called Strike 0-1: Ball 1-1: Called Strike 1-2: Strikes out swinging
|
Top of the 4th over - 0 runs, 0 hits, 0 errors, 0 left on base; El Dorado 2 - New Orleans 1 |
BOTTOM OF THE 4TH |
New Orleans Looters batting - Pitching for El Dorado Oilers : LHP Orlando Costa
|
Batting: RHB Ramón Hernández
|
0-0: Foul Ball, location: 2F 0-1: Foul Ball, location: 2F 0-2: Foul Ball, location: 2F 0-2: Ball 1-2: SINGLE (Groundball, 6MD)
|
Batting: RHB Tim Gardner
|
0-0: SINGLE (Groundball, 34D) Ramón Hernández to second Runner from 2nd tries for 3rd, SAFE, no throw
|
Batting: RHB Run-ming Zhu
|
0-0: Ball 1-0: SINGLE (Line Drive, 6) Ramón Hernández scores Tim Gardner to second
|
Batting: LHB Eduardo Rodríguez
|
0-0: Called Strike 0-1: Grounds into double play, 6-4-3 (Groundball, 6) Tim Gardner to third
|
Batting: LHB Miguel Colón
|
0-0: Ball 1-0: Ball 2-0: Ball 3-0: Base on Balls
|
Batting: RHB Dan Banks
|
0-0: Swinging Strike 0-1: Ball 1-1: Ball 2-1: Foul Ball, location: 2F 2-2: Ball 3-2: SINGLE (Groundball, 4MD) Tim Gardner scores Miguel Colón to second Miguel Colón to third
|
Batting: SHB Arturo Sánchez
|
0-0: Ground out 4-3 (Groundball, 34)
|
Bottom of the 4th over - 2 runs, 4 hits, 0 errors, 2 left on base; El Dorado 2 - New Orleans 3 |
TOP OF THE 5TH |
El Dorado Oilers batting - Pitching for New Orleans Looters : LHP Holden Clark
|
Batting: RHB Vicente Carona
|
0-0: DOUBLE (Flyball, 78XD)
|
Batting: SHB Orlando Aguilar
|
0-0: Ball 1-0: Ball 2-0: Ground out 6-3 (Groundball, 56)
|
Batting: RHB José Carlos Caraballo
|
0-0: Swinging Strike 0-1: Ground out 5-3 (Groundball, 5L)
|
Batting: RHB José Montoya
|
0-0: Fly out, F8 (Flyball, 8LM)
|
Top of the 5th over - 0 runs, 1 hit, 0 errors, 1 left on base; El Dorado 2 - New Orleans 3 |
BOTTOM OF THE 5TH |
New Orleans Looters batting - Pitching for El Dorado Oilers : LHP Orlando Costa
|
Batting: SHB Oliver Deleón
|
0-0: Ball 1-0: Ball 2-0: Called Strike 2-1: Ball 3-1: Foul Ball, location: 2F 3-2: Base on Balls
|
Batting: RHB Greg Handrahan
|
0-0: Fly out, F7 (Flyball, 7LS)
|
Batting: RHB Ramón Hernández
|
0-0: Ball Balk! Oliver Deleón to second 1-0: Called Strike 1-1: SINGLE (Groundball, 56D) Oliver Deleón to third Runner from 3rd tries for Home, SAFE, no throw
|
Batting: RHB Tim Gardner
|
0-0: Called Strike 0-1: Ball 1-1: Swinging Strike 1-2: Ball 2-2: Reached on error, E1 (Groundball, 13) Ramón Hernández to second
|
Batting: RHB Run-ming Zhu
|
0-0: Ball 1-0: Swinging Strike 1-1: Swinging Strike 1-2: Strikes out swinging
|
Batting: LHB Eduardo Rodríguez
|
0-0: Called Strike 0-1: Ground out 4-3 (Groundball, 4)
|
Bottom of the 5th over - 1 run, 1 hit, 1 error, 2 left on base; El Dorado 2 - New Orleans 4 |
TOP OF THE 6TH |
El Dorado Oilers batting - Pitching for New Orleans Looters : LHP Holden Clark
|
Batting: RHB Sixto Vélez
|
0-0: Ball 1-0: Foul Ball, location: 2F 1-1: Ball 2-1: DOUBLE (Line Drive, 8LD)
|
Batting: LHB José Hernández
|
0-0: Ball 1-0: DOUBLE (Line Drive, 9LS) Sixto Vélez scores
|
Batting: RHB Bob Johnson
|
0-0: Called Strike 0-1: Ball 1-1: Foul Ball, location: 2F 1-2: Ball 2-2: Ground out 4-3 (Groundball, 4M) José Hernández to third
|
Batting: SHB Theron Harper
|
0-0: Ball 1-0: SINGLE (Line Drive, 56) José Hernández scores
|
Batting: LHB Chris Miller
|
0-0: Ball 1-0: Called Strike 1-1: Called Strike 1-2: Ball 2-2: Strikes out swinging
|
Batting: RHB Vicente Carona
|
0-0: Called Strike 0-1: Ball 1-1: Ball 2-1: Ball 3-1: Swinging Strike 3-2: Strikes out swinging
|
Top of the 6th over - 2 runs, 3 hits, 0 errors, 1 left on base; El Dorado 4 - New Orleans 4 |
BOTTOM OF THE 6TH |
New Orleans Looters batting - Pitching for El Dorado Oilers : LHP Orlando Costa
|
Batting: LHB Miguel Colón
|
0-0: Ball 1-0: Fly out, F9 (Flyball, 9LM)
|
Batting: RHB Dan Banks
|
0-0: Ball 1-0: Called Strike 1-1: Ball 2-1: Ball 3-1: Base on Balls
|
Batting: SHB Arturo Sánchez
|
0-0: Ball 1-0: Called Strike 1-1: Ball 2-1: Foul Ball, location: 2F 2-2: Fly out, F8 (Flyball, 8RS)
|
Batting: SHB Oliver Deleón
|
0-0: Ball 1-0: Foul Ball, location: 2F 1-1: 2-RUN HOME RUN (Flyball, 7LD), Distance : 352 ft
|
Pitching: LHP Jeremy Meyer
|
|
Batting: RHB Greg Handrahan
|
0-0: Ball 1-0: Ball 2-0: Swinging Strike 2-1: Ground out 4-3 (Groundball, 34)
|
Bottom of the 6th over - 2 runs, 1 hit, 0 errors, 0 left on base; El Dorado 4 - New Orleans 6 |
TOP OF THE 7TH |
El Dorado Oilers batting - Pitching for New Orleans Looters : LHP Holden Clark
|
Pitching: RHP Fergus Wakeford
|
|
Batting: SHB Orlando Aguilar
|
0-0: Called Strike 0-1: Swinging Strike 0-2: Ball 1-2: Foul Ball, location: 2F 1-2: Ball 2-2: Ball 3-2: Foul Ball, location: 2F 3-2: SINGLE (Line Drive, 56D)
|
Batting: RHB José Carlos Caraballo
|
0-0: Ball 1-0: Fielders Choice at 2nd, 4-6 (Groundball, 4D)
|
Batting: RHB José Montoya
|
0-0: Called Strike 0-1: Foul Ball, location: 2F 0-2: Ball José Carlos Caraballo steals 2nd base 1-2: Foul Ball, location: 2F 1-2: Foul Ball, location: 2F 1-2: Foul Ball, location: 2F 1-2: Strikes out swinging
|
Batting: RHB Sixto Vélez
|
0-0: Ball 1-0: SINGLE (Flyball, 8RS) José Carlos Caraballo to third Runner from 3rd tries for Home, throw and OUT!
|
Top of the 7th over - 0 runs, 2 hits, 0 errors, 1 left on base; El Dorado 4 - New Orleans 6 |
BOTTOM OF THE 7TH |
New Orleans Looters batting - Pitching for El Dorado Oilers : LHP Jeremy Meyer
|
Batting: RHB Ramón Hernández
|
0-0: Called Strike 0-1: Ball 1-1: Foul Ball, location: 2F 1-2: Ball 2-2: Strikes out swinging
|
Pitching: LHP Artie Nelson
|
|
Batting: RHB Tim Gardner
|
0-0: Ball 1-0: Ball 2-0: Called Strike 2-1: Swinging Strike 2-2: SINGLE (Groundball, 6MD)
|
Batting: RHB Run-ming Zhu
|
0-0: Called Strike 0-1: Grounds into double play, 5-4-3 (Groundball, 56)
|
Bottom of the 7th over - 0 runs, 1 hit, 0 errors, 0 left on base; El Dorado 4 - New Orleans 6 |
TOP OF THE 8TH |
El Dorado Oilers batting - Pitching for New Orleans Looters : RHP Fergus Wakeford
|
Batting: LHB José Hernández
|
0-0: Foul Ball, location: 2F 0-1: Called Strike 0-2: Foul Ball, location: 2F 0-2: Ball 1-2: Strikes out swinging
|
Batting: RHB Bob Johnson
|
0-0: Ball 1-0: Ball 2-0: Ball 3-0: Foul Ball, location: 2F 3-1: Base on Balls
|
Batting: SHB Theron Harper
|
0-0: Called Strike 0-1: Fly out, F5 (Flyball, 5D)
|
Batting: LHB Chris Miller
|
0-0: Foul Ball, location: 2F 0-1: Swinging Strike 0-2: Strikes out swinging
|
Top of the 8th over - 0 runs, 0 hits, 0 errors, 1 left on base; El Dorado 4 - New Orleans 6 |
BOTTOM OF THE 8TH |
New Orleans Looters batting - Pitching for El Dorado Oilers : LHP Artie Nelson
|
Batting: LHB Eduardo Rodríguez
|
0-0: Ball 1-0: Ground out 4-3 (Groundball, 4)
|
Batting: LHB Miguel Colón
|
0-0: Ball 1-0: Ball 2-0: Called Strike 2-1: Ball 3-1: Fly out, F7 (Line Drive, 7)
|
Batting: RHB Dan Banks
|
0-0: Called Strike 0-1: Fly out, F5 (Popup, 56S)
|
Bottom of the 8th over - 0 runs, 0 hits, 0 errors, 0 left on base; El Dorado 4 - New Orleans 6 |
TOP OF THE 9TH |
El Dorado Oilers batting - Pitching for New Orleans Looters : RHP Fergus Wakeford
|
Pitching: LHP Juan Méndez
|
|
Batting: RHB Vicente Carona
|
0-0: Called Strike 0-1: Ball 1-1: Foul Ball, location: 2F 1-2: Ball 2-2: Ball 3-2: Strikes out swinging
|
Batting: SHB Orlando Aguilar
|
0-0: Ball 1-0: Ball 2-0: Called Strike 2-1: Fly out, F8 (Flyball, 8LM)
|
Batting: RHB José Carlos Caraballo
|
0-0: Foul Ball, location: 2F 0-1: Called Strike 0-2: Strikes out looking
|
Top of the 9th over - 0 runs, 0 hits, 0 errors, 0 left on base; El Dorado 4 - New Orleans 6 |
|